 Dungeon Crawl Stone Soup version 0.31-a0-486-g8d68a81214 (webtiles) character file.

Game seed: 9973075198672154893

16 ytrimaz the Ruffian (level 2, 21/21 HPs)
             Began as a Demonspawn Shapeshifter on Aug 7, 2023.
             Quit the game on level 1 of the Dungeon.
             The game lasted 00:00:35 (303 turns).

ytrimaz the Ruffian (Demonspawn Shapeshifter)        Turns: 303, Time: 00:00:35

Health: 21/21      AC:  2    Str: 15    XL:     2   Next: 37%
Magic:  2/2        EV: 12    Int:  9    God:
Gold:   8          SH:  0    Dex: 13    Spells: 1/1 levels left

rFire   . .          .
                       - Unarmed
rCold   . . .        (no shield)
rNeg    . . .        a - +0 animal skin
rPois   .            (helmet currently unavailable)
rElec   .            (cloak currently unavailable)
rCorr   .            (gloves currently unavailable)
SInv    .            (boots currently unavailable)
Will    .....        (no amulet)
Stlth   +            (no ring)
HPRegen 0.23/turn    (no ring)
MPRegen 0.08/turn

%: no passive effects
@: beast-form
A: beast (slay +2), foul stench 1
a: Begin Untransformation


You were on level 1 of the Dungeon.
You were a hulking beast.
You visited 1 branch of the dungeon, and saw 1 of its levels.

You collected 8 gold pieces.


Innate Abilities, Weirdness & Mutations

You are a hulking beast.
Your limbs bulge with bestial killing power. (Slay +2)
You may rarely emit foul miasma when damaged in melee.


   Skills:
 - Level 1.0 Fighting
 - Level 1.7 Dodging
 * Level 3.2 Unarmed Combat
 + Level 2.8 Shapeshifting


You had one spell level left.
You didn't know any spells.
Your spell library was empty.

Inventory:

Armour
 a - a +0 animal skin (worn)
Jewellery
 d - a ring of wizardry
   (You found it on level 1 of the Dungeon)
Talismans
 c - a beast talisman (active)
Scrolls
 f - a scroll of immolation {unknown}
 g - a scroll of amnesia {unknown}
Potions
 b - a potion of lignification
 e - a potion of curing {unknown}

Dungeon Overview and Level Annotations

Branches:
Dungeon (1/15) Zot: 5699

Altars:

#...# ##.### #l #...#
#..... #####. #...#
#..### ..... #...##
#...####....#####
###............... #
.........#.##.#.## ..
.................## ##
.......h.###......#####
###...#### #...........
..... #......##### ###.
#.....## # #..#†###
#......#####.
##....#......
#...)>###...
#...).......


You could see a frilled lizard (asleep).


Message History

You punch the giant cockroach!
You kill the giant cockroach!
You have reached level 2!
Your demonic ancestry asserts itself...
You begin to emit a foul stench of rot and decay. 😕 HP[+6] MP[+1]
You now have 21 max hp (+6).
You regained 6 hp, and now have 20/21 hp.
Your mp is fully restored (2).
An endoplasm comes into view. 😎 HP[+1]
Your hp is fully restored (21).
An endoplasm is nearby!
An endoplasm is nearby!
An endoplasm is nearby!
The helpless endoplasm fails to defend itself.
You punch the endoplasm!
You kill the endoplasm!
No target in view!
No target in view!
Unknown command.
Key pressed, stopping explore.
Key pressed, stopping explore.
No target in view!
You see here a +0 robe.
Key pressed, stopping explore.
No target in view!
A hobgoblin comes into view.
The hobgoblin shouts!
A hobgoblin is nearby!
You barely miss the hobgoblin. The hobgoblin closely misses you.
A hobgoblin is nearby!
A hobgoblin is nearby!
A hobgoblin is nearby!
You barely miss the hobgoblin. The hobgoblin barely misses you.
You barely miss the hobgoblin.
The hobgoblin hits you but does no damage.
Unknown command.
You hit the hobgoblin.
You kill the hobgoblin!
No target in view!
You see here a hobgoblin corpse.
No target in view!
A bat and a goblin come into view.
Found a leather armour.
Found a stone staircase leading down.
There are monsters nearby!
There are monsters nearby!
The goblin shouts!
A kobold comes into view. It is wielding a +0 club.
The bat completely misses you. The goblin barely misses you.
You see here a +0 leather armour.
Unknown command.
You hit the goblin.
You kill the goblin!
The bat barely misses you. The bat closely misses you.
You see here a +0 club.
You barely miss the bat. The bat hits you but does no damage.
Unknown command.
The bat barely misses you. The kobold closely misses you.
There is a stone staircase leading down here.
You closely miss the kobold. The kobold closely misses you.
You hit the bat. The bat closely misses you.
The kobold hits you but does no damage.
You hit the kobold.
You kill the kobold!
The bat hits you but does no damage.
Unknown command.
You closely miss the bat. The bat hits you but does no damage.
You closely miss the bat. The bat barely misses you.
The bat hits you but does no damage.
Things that are here:
a +0 club; a kobold corpse Unknown command.
The bat hits you but does no damage.
A dart slug comes into view.
The bat hits you but does no damage. The bat misses you.
You hit the bat.
You kill the bat!
The dart slug launches a dart at you. The slug dart misses you.
You see here a bat corpse.
The dart slug launches a dart at you. The slug dart misses you.
The dart slug launches a dart at you. The slug dart misses you.
The dart slug closely misses you.
You hit the dart slug. The dart slug barely misses you.
The dart slug barely misses you.
You barely miss the dart slug.
Unknown command.
You punch the dart slug!
You kill the dart slug!
Unknown command.
No target in view!
g - a scroll labelled LOGASY SYILO A frilled lizard comes into view.
A frilled lizard is nearby!
Are you sure you want to abandon this character and quit the game? (Confirm with "yes".)

Skill      XL: |  1 |
---------------+----+-----
Unarmed Combat | 3 |  3.2
Fighting       | |  1.0
Dodging        | |  1.7
Shapeshifting  | |  2.8

Action                     || total
---------------------------++-------
  Melee: Unarmed           ||    35
   Stab: Sleeping          ||     2
 Armour: Animal skin       ||     9
  Dodge: Dodged            ||    29

Levels and vault maps discovered:
D:1:      dpeg_arrival_rooms_c, layout_loops_ring

Notes
Turn   | Place    | Note
-------+----------+-------------------------------------------
     0 | D:1      | ytrimaz the Demonspawn Shapeshifter began the quest for the
                  | Orb.
     0 | D:1      | Reached XP level 1. HP: 15/15 MP: 1/1
     0 | D:1      | magus.rc [v1.9.6]
    94 | D:1      | Reached skill level 3 in Unarmed Combat
   163 | D:1      | Gained mutation: You may rarely emit foul miasma when
                  | damaged in melee. [demonic ancestry]
   163 | D:1      | Reached XP level 2. HP: 20/21 MP: 2/2
   303 | D:1      | Quit the game

Vanquished Creatures
  A dart slug (D:1)
  3 bats (D:1)
  2 endoplasms (D:1)
  2 giant cockroaches (D:1)
  A hobgoblin (D:1)
  A goblin (D:1)
  A kobold (D:1)
  2 rats (D:1)
13 creatures vanquished.

Table legend:
 A = Non-vault XP
 B = Vault XP
 C = Vault XP percentage of total XP
 D = Non-vault monster count
 E = Vault monster count
 F = Vault count percentage of total count
                 A         B        C        D         E       F
            +---------+---------+-------+---------+---------+-------
      Total |      23 |       0 |   0.0 |      13 |       0 |   0.0
            +---------+---------+-------+---------+---------+-------
        D:1 |      23 |       0 |   0.0 |      13 |       0 |   0.0
            +---------+---------+-------+---------+---------+-------

Skill      XL: |  1 |
---------------+----+-----
Unarmed Combat | 3 |  3.2
Fighting       | |  1.0
Dodging        | |  1.7
Shapeshifting  | |  2.8

Action                     || total
---------------------------++-------
  Melee: Unarmed           ||    35
   Stab: Sleeping          ||     2
 Armour: Animal skin       ||     9
  Dodge: Dodged            ||    29

Illustrated notes

Table legend:
 A = Kills in this place as a percentage of kills in the entire game.
 B = Kills by you in this place as a percentage of kills by you in the entire game.
 C = Kills by friends in this place as a percentage of kills by friends in the entire game.
 D = Other kills in this place as a percentage of other kills in the entire game.
 E = Experience gained in this place as a percentage of experience gained in the entire game.
 F = Experience gained in this place divided by the number of levels of this place that you have seen.
                   A       B       C       D       E      F
               +-------+-------+-------+-------+-------+----------------------
         Total | 100.0 | 100.0 |   N/A |   N/A | 100.0 |  23.0
       Dungeon | 100.0 | 100.0 |   N/A |   N/A | 100.0 |  23.0
               +-------+-------+-------+-------+-------+----------------------

Table legend: (Time is in decaauts)
 A = Elapsed time spent in this place.
 B = Non-inter-level travel time spent in this place.
 C = Inter-level travel time spent in this place.
 D = Time resting spent in this place.
 E = Time spent auto-exploring this place.
 F = Levels seen in this place.
 G = Mean time per level.
                   A        B        C        D        E       F      G
               +--------+--------+--------+--------+--------+-----+--------+
         Total |    300 |    300 |      0 |      0 |    202 |   1 |  300.0 |
       Dungeon |    300 |    300 |      0 |      0 |    202 |   1 |  300.0 |
               +--------+--------+--------+--------+--------+-----+--------+

Top non-repeatable levels by time:
     D:1: 300 daAuts
